 Dungeon Sprint DCSS version 0.31-a0-841-g038b102fc3 (webtiles) character file.

Game seed: 17865296912094405125

1954 sircluck the Grappler (level 8, -2/94 HPs)
             Began as a Troll Berserker on Sept 27, 2023.
             Was the Champion of Trog.
             Slain by an orc knight simulacrum (13 damage)
             ... animated by a necromancer
             ... in the Dungeon (Sprint VII: "The Pits").
             The game lasted 00:01:41 (612 turns).

sircluck the Grappler (Troll Berserker)              Turns: 612, Time: 00:01:41

Health: -2/94      AC:  4    Str: 28    XL:     8   Next: 99%
Magic:  7/7        EV: 16    Int:  3    God:    Trog [******]
Gold:   0          SH:  0    Dex: 12    Spells: 7/7 levels left

rFire   . .          .
                       - Unarmed
rCold   . . .        (no shield)
rNeg    . . .        a - +0 animal skin
rPois   .            (helmet restricted)
rElec   .            (no cloak)
rCorr   .            (gloves unavailable)
SInv    .            (boots unavailable)
Will    .....        (no amulet)
Stlth   +            k - +3 ring of dexterity
HPRegen 1.15/turn    l - +3 ring of evasion
MPRegen 0.10/turn

%: no teleportation
@: on berserk cooldown, slowed, very slow
A: large, unfitting armour, claws 3, regeneration 1, shaggy fur 1, tough skin 1
a: Renounce Religion, Berserk, Trog's Hand, Brothers in Arms


You were in the Dungeon.
You worshipped Trog.
Trog was exalted by your worship.
You visited 1 branch

Inventory:

Armour
 a - a +0 animal skin (worn)
Jewellery
 k - a +3 ring of dexterity (left claw)
 l - a +3 ring of evasion (right claw)
Scrolls
 g - a scroll of blinking
 i - 2 scrolls of vulnerability
 j - a scroll of summoning
Potions
 b - 7 potions of curing
 c - 9 potions of heal wounds
 d - 2 potions of haste
 e - 4 potions of magic
 f - 3 potions of berserk rage
 h - 2 potions of invisibility
 m - 2 potions of might


   Skills:
 + Level 10.3 Fighting
 + Level 10.2 Dodging
 + Level 12.1 Unarmed Combat


You had 7 spell levels left.
You didn't know any spells.
Your spell library was empty.

Dungeon Overview and Level Annotations

Branches:
Dungeon (1/1)

Altars:
Ashenzari
Cheibriados
Dithmenos
Elyvilon
Fedhas
Gozag
Hepliaklqana
Kikubaaqudgha
Makhleb
Nemelex Xobeh
Okawaru
Qazlal
Ru
Sif Muna
Trog
Uskayaw
Vehumet
Wu Jian
Xom
Yredelemnul
Zin
The Shining One
Jiyva
Lugonu


Innate Abilities, Weirdness & Mutations

You are too large for most types of armour.
You have claws for hands.
Your natural rate of healing is unusually fast.
You are covered in fur. (AC +1)
You have tough skin. (AC +1)


Message History

An orc knight simulacrum comes into view.
The adder zombie bites you but does no damage.
Your Fighting skill increases to level 10!
Your Dodging skill increases to level 10!
Your Unarmed Combat skill increases to level 12!
Unknown command.
Unknown command.
You claw the orc knight simulacrum!
Your claw misses the orc knight simulacrum.
The orc knight simulacrum is heavily damaged.
An adder skeleton comes into view.
The adder zombie barely misses you. The orc knight simulacrum hits you!
* * * LOW HITPOINT WARNING * * *
The orc knight simulacrum freezes you!
* * * LOW HITPOINT WARNING * * *
The adder skeleton moves out of view.
Unknown command.
You feel much better. The adder zombie completely misses you.
The necromancer mumbles some strange words.
The necromancer binds the souls of nearby monsters.
The necromancer barely misses you. The adder zombie barely misses you.
The orc knight simulacrum closely misses you.
Unknown command.
Unknown command.
You barely miss the necromancer. Your claw misses the necromancer.
The adder zombie bites you.
The necromancer casts a spell.
The necromancer binds the souls of nearby monsters.
The orc knight simulacrum barely misses you.
Your cyclops goes berserk!
The adder zombie misses you. The necromancer misses you.
The orc knight simulacrum hits you. The orc knight simulacrum freezes you!
* * * LOW HITPOINT WARNING * * *
Unknown command.
Unknown command.
You miss the necromancer. The necromancer closely misses you.
The orc knight simulacrum hits you!
* * * LOW HITPOINT WARNING * * *
The orc knight simulacrum freezes you!
You die...

++##########
.......##..#
#......##..#
.......''..#
.......''..##########..#
#......##....).Z@pZZ...#
.......##.......CoZ....#
''######################
''##### ......+ ......+
.....## ...### ..##


You could see a necromancer (ally target), an orc knight simulacrum, an orc
(soul bound), an adder zombie, 2 adder skeletons and a friendly cyclops
(summoned, berserk).

Vanquished Creatures
  An orc knight (D)
  A merfolk (D)
  A tarantella (D)
  A jumping spider (D)
  2 fire bats (D)
  An ice beast (D)
  An orc warrior (D)
  A scorpion (D)
  5 wights (D)
  Crazy Yiuf (D)
  2 orc priests (D)
  A mummy (D)
  A gnoll (D)
  3 river rats (D)
  2 white imps (D)
  An ufetubus (D)
  6 orcs (D)
  A ball python (D)
  An endoplasm (D)
  A giant cockroach (D)
  A goblin (D)
  3 jackals (D)
  A quokka (D)
  A giant cockroach zombie (D)
  2 kobolds (D)
42 creatures vanquished.

Notes
Turn   | Place    | Note
-------+----------+-------------------------------------------
     0 | D        | sircluck the Troll Berserker began the quest for the Orb.
     0 | D        | Reached XP level 1. HP: 22/22 MP: 0/0
    11 | D        | Noticed a jumping spider
    11 | D        | Noticed a tarantella
    15 | D        | Killed a jumping spider
    16 | D        | Reached skill level 5 in Fighting
    16 | D        | Reached skill level 5 in Dodging
    16 | D        | Reached skill level 6 in Unarmed Combat
    16 | D        | Reached XP level 2. HP: 35/35 MP: 1/1
    16 | D        | Reached XP level 3. HP: 42/42 MP: 2/2
    16 | D        | Reached XP level 4. HP: 50/50 MP: 3/3
    16 | D        | Reached XP level 5. HP: 58/58 MP: 4/4
    18 | D        | Killed a tarantella
    19 | D        | Reached skill level 8 in Unarmed Combat
    19 | D        | Reached XP level 6. HP: 71/71 MP: 5/5
    88 | D        | Reached ** piety under Trog
    93 | D        | Found a bloodstained altar of Trog.
    93 | D        | Found a shimmering blue altar of Sif Muna.
    93 | D        | Found a viscous altar of Jiyva.
    93 | D        | Found a hazy altar of Hepliaklqana.
    93 | D        | Found an opulent altar of Gozag.
    94 | D        | Found a glowing golden altar of the Shining One.
    94 | D        | Found a glowing silver altar of Zin.
    94 | D        | Found a basalt altar of Yredelemnul.
    94 | D        | Found a shimmering altar of Xom.
    94 | D        | Found an ornate altar of the Wu Jian Council.
    94 | D        | Found a sacrificial altar of Ru.
    94 | D        | Found a stormy altar of Qazlal.
    94 | D        | Found an iron altar of Okawaru.
    94 | D        | Found a sparkling altar of Nemelex Xobeh.
    94 | D        | Found a burning altar of Makhleb.
    94 | D        | Found a blossoming altar of Fedhas.
    94 | D        | Found a white marble altar of Elyvilon.
    94 | D        | Found a shadowy altar of Dithmenos.
    94 | D        | Found a snail-covered altar of Cheibriados.
    98 | D        | Found a corrupted altar of Lugonu.
    98 | D        | Found a radiant altar of Vehumet.
    99 | D        | Found a broken altar of Ashenzari.
    99 | D        | Found an ancient bone altar of Kikubaaqudgha.
    99 | D        | Found a hide-covered altar of Uskayaw.
   187 | D        | Noticed a fire bat
   188 | D        | Reached *** piety under Trog
   190 | D        | Killed a fire bat
   191 | D        | Reached skill level 9 in Unarmed Combat
   191 | D        | Reached XP level 7. HP: 79/79 MP: 6/6
   194 | D        | Reached **** piety under Trog
   273 | D        | Reached ***** piety under Trog
   322 | D        | Reached skill level 10 in Unarmed Combat
   411 | D        | Noticed a fire bat
   414 | D        | Killed a fire bat
   414 | D        | Reached ****** piety under Trog
   415 | D        | Reached XP level 8. HP: 82/92 MP: 7/7
   431 | D        | Noticed Crazy Yiuf
   434 | D        | Killed Crazy Yiuf
   440 | D        | Received a gift from Trog
   458 | D        | Reached skill level 11 in Unarmed Combat
   464 | D        | Received a gift from Trog
   581 | D        | Noticed a merfolk
   590 | D        | Killed a merfolk
   597 | D        | Noticed an orc knight
   603 | D        | Noticed a necromancer
   607 | D        | Killed an orc knight
   608 | D        | Reached skill level 10 in Fighting
   608 | D        | Reached skill level 10 in Dodging
   608 | D        | Reached skill level 12 in Unarmed Combat
   612 | D        | Slain by an orc knight simulacrum

Illustrated notes

Levels and vault maps discovered:
D:        pitsprint [storerooms_1, entrance_room_1, metal_vault_4, armoury_1,
          mini_pit_1, grid_room_1, main_hall_1, silver_pit, the_coven_2,
          the_vestibule_1, steel_vault_5, golden_pit, hallway_of_sentries,
          crystal_vault_4, iron_vault_4, final_vault]

Skill      XL: |  1  2  3  4  5  6  7  8 |
---------------+-------------------------+-----
Fighting       | 5 7 9 10 | 10.3
Dodging        | 5 7 9 10 | 10.2
Unarmed Combat | 6 8 9 10 12 | 12.1

Action                     |  1- 3 |  4- 6 |  7- 9 || total
---------------------------+-------+-------+-------++-------
  Melee: Unarmed           |     3 |    25 |    82 ||   110
         Punch             |       |       |     3 ||     3
 Invoke: Berserk           |     1 |       |     1 ||     2
         Brothers in Arms  |       |       |     1 ||     1
    Use: Potion            |       |       |     3 ||     3
   Stab: Sleeping          |       |       |     1 ||     1
 Armour: Animal skin       |     3 |    11 |    52 ||    66
  Dodge: Dodged            |     3 |    10 |    70 ||    83

Table legend: (Time is in decaauts)
 A = Elapsed time spent in this place.
 B = Non-inter-level travel time spent in this place.
 C = Inter-level travel time spent in this place.
 D = Time resting spent in this place.
 E = Time spent auto-exploring this place.
 F = Levels seen in this place.
 G = Mean time per level.
                   A        B        C        D        E       F      G
               +--------+--------+--------+--------+--------+-----+--------+
         Total |    603 |    550 |     53 |    137 |    146 |   1 |  603.0 |
       Dungeon |    603 |    550 |     53 |    137 |    146 |   1 |  603.0 |
               +--------+--------+--------+--------+--------+-----+--------+

Top non-repeatable levels by time:
       D: 603 daAuts
